 Dungeon Crawl Stone Soup version 0.20.1-1-g8b1a95d (webtiles) character file.

26226 homeworkjunkie the Severer (level 13, -1/114 HPs)
             Began as a Hill Orc Fighter on Nov 9, 2017.
             Was a High Priest of Okawaru.
             Slain by an ice devil (9 damage)
             ... in an ice cave.
             The game lasted 00:41:32 (12027 turns).

homeworkjunkie the Severer (Hill Orc Fighter)      Turns: 12027, Time: 00:41:33

Health: -1/114     AC: 23    Str: 27    XL:     13   Next: 24%
Magic:  18/18      EV:  9    Int:  8    God:    Okawaru [*****.]
Gold:   478        SH:  3    Dex: 13    Spells: 12/12 levels left

rFire    . . .     SeeInvis .   R - +2 battleaxe (flame)
rCold    . . .     Gourm    .   (shield currently unavailable)
rNeg     . . .     Faith    .   I - +1 plate armour
rPois    .         Spirit   .   d - +2 helmet
rElec    .         Reflect  +   D - +2 cloak {MR+}
rCorr    .         Harm     .   g - +0 pair of gloves
MR       +....                  (no boots)
Stlth    ..........             y - +3 amulet of reflection
Regen    0.3/turn               N - +4 ring of strength
MPRegen  0.2/turn               x - +2 ring of dexterity

@: no status effects
A: no striking features
a: Heroism, Finesse, Renounce Religion


You were in an ice cave.
You worshipped Okawaru.
Okawaru was extremely pleased with you.
You were not hungry.

You visited 3 branches of the dungeon, and saw 15 of its levels.
You also visited: Sewer, Ossuary and Ice Cave.

You collected 738 gold pieces.
You spent 260 gold pieces at shops.

Inventory:

Hand Weapons
 a - a +5 war axe
 r - the +9 rapier of Lumu {freeze, Stlth+}
   (You acquired it on level 5 of the Dungeon)

   It has been specially enchanted to freeze those struck by it, causing extra
   injury to most foes and up to half again as much damage against particularly
   susceptible opponents.
   It can also slow down cold-blooded creatures.
   It makes you more stealthy.
 F - the +6 dagger of Fixation {venom, Str-2 Dex+3}
   (You found it in an ossuary)

   It poisons the flesh of those it strikes.
   It affects your strength (-2).
   It affects your dexterity (+3).
 R - a +2 battleaxe of flaming (weapon)
Missiles
 s - 11 tomahawks (quivered)
 B - 7 javelins
 Q - 5 steel javelins
Armour
 c - a +0 shield
 d - a +2 helmet (worn)
 g - a +0 pair of gloves (worn)
 D - a +2 cloak of magic resistance (worn)
 I - a +1 plate armour (worn)
 S - a +0 buckler of protection
Jewellery
 i - a +3 ring of evasion
 x - a +2 ring of dexterity (right hand)
 y - a +3 amulet of reflection (around neck)
 E - an uncursed amulet of rage
 N - a +4 ring of strength (left hand)
 O - an uncursed ring of poison resistance
Wands
 b - a wand of flame (21/48)
 n - a wand of paralysis (0/24)
 p - a wand of disintegration (19/24)
 A - a wand of paralysis (0/24)
 K - a wand of flame (30/48)
Scrolls
 h - 3 scrolls of teleportation
 k - 2 scrolls of magic mapping
 u - 4 scrolls of remove curse
 w - 3 scrolls of fear
 L - a scroll of immolation
 P - 2 scrolls of fog
Potions
 e - 9 potions of curing
 f - 5 potions of brilliance
 j - 2 potions of flight {unknown}
 m - 2 potions of cancellation
 o - a potion of lignification {unknown}
 q - 2 potions of ambrosia
 v - 2 potions of agility {unknown}
 C - 3 potions of mutation {unknown}
 G - a potion of haste {unknown}
 J - a potion of degeneration {unknown}
 M - a potion of might
Comestibles
 l - 12 meat rations
 z - 7 bread rations
 H - 9 fruits


   Skills:
 * Level 10.6 Fighting
 * Level 16.6 Axes
 + Level 0.5 Throwing
 * Level 9.4 Armour
 + Level 2.3 Dodging
 + Level 4.8 Stealth
 * Level 10.6 Shields
 * Level 7.1 Evocations


You had 12 spell levels left.
You didn't know any spells.

Dungeon Overview and Level Annotations

Branches:
Dungeon (12/15)            Temple (1/1) D:6            Lair (2/6) D:10
  Swamp: Lair:2-4    Shoals: Lair:2-4     Snake: Lair:2-4    Spider: Lair:2-4
    Orc: D:9-12

Altars:
Fedhas
Kikubaaqudgha
Makhleb
Nemelex Xobeh
Okawaru
Ru
Trog
Uskayaw
Vehumet
Xom
Zin

Shops:
D:6 *   D:11 (


Message History

The ice devil hits you! The ice devil freezes you!
* * * LOW HITPOINT WARNING * * *
You feel much better.
The ice devil hits you but does no damage. x2
The ice devil hits you. The ice devil freezes you!!
* * * LOW HITPOINT WARNING * * *
You feel much better. The ice devil barely misses you.
You block the ice devil's attack.
The ice devil hits you but does no damage.
You cut the ice devil into ribbons!!! You burn the ice devil.
You kill the ice devil!
Okawaru accepts your kill.
You barely miss the ice devil. You hit the ice devil but do no damage.
The ice devil hits you. The ice devil freezes you!!
* * * LOW HITPOINT WARNING * * *
The ice devil hits you but does no damage.
The ice devil hits you!
* * * LOW HITPOINT WARNING * * *
The ice devil freezes you!
You die...

#§§§§§. . ##§§§§4§.
.. #.§§§§§.#
#..####§§§4§.
##.....§§4§
.......§§# #.......##
## ######...### .####
###.4@## ....######
##4..##
.........##..)##...##
#.#........... ###..#
######..##... #...#
#...## ####..##
#...### ###...###
##....###....##
##........###


You could see 2 ice devils.

Vanquished Creatures
  Josephine (D:11)
  Erolcha (D:9)
  4 hydras
  6 two-headed ogres
  A death yak (D:10)
  Pikel (D:6)
  An ugly thing (D:11)
  A cyclops (D:11)
  A manticore (D:11)
  2 ice statues (IceCv)
  A black mamba (Lair:2)
  A spiny frog (Lair:2)
  3 ice devils (IceCv)
  A troll (D:8)
  Prince Ribbit (D:5)
  Grinder (D:5)
  2 dream sheep (D:8)
  3 hippogriffs
  Sigmund (D:6)
  22 yaks
  5 wraiths (D:11)
  Eustachio (D:5)
  Grum (D:10)
  A basilisk (D:9)
  A hungry ghost (D:9)
  Menkaure (D:6)
  A soldier ant (D:11)
  2 orc warriors
  4 slaves (D:6)
  4 sky beasts
  2 black bears
  2 ice beasts
  A necrophage (D:8)
  2 phantoms
  5 ogres
  12 centaurs
  7 wolves
  A crocodile (D:10)
  10 big kobolds
  6 bullfrogs
  A wyvern zombie (D:11)
  A water moccasin zombie (Ossuary)
  6 scorpions
  13 killer bees
  2 howler monkeys
  2 electric eels (D:10)
  10 crimson imps
  2 centaur zombies (D:5)
  3 hounds
  Crazy Yiuf (D:5)
  2 gnoll shamans
  9 orc priests
  Ijyb (D:4)
  5 bullfrog skeletons
  2 iguanas (D:9)
  9 orc wizards
  6 worker ants
  4 big kobold zombies (Ossuary)
  A hound skeleton (D:7)
  2 mummies (Ossuary)
  A worker ant zombie (D:6)
  14 gnolls
  17 adders
  4 river rats
  3 shadow imps (D:5)
  5 white imps (IceCv)
  8 ufetubi (IceCv)
  2 oozes
  5 adder zombies (Ossuary)
  2 adder skeletons
  9 worms
  4 dart slugs
  5 leopard geckos
  41 orcs
  5 ball pythons
  5 giant cockroaches
  14 goblins
  5 hobgoblins
  13 jackals
  6 quokkas
  7 bats
  6 frilled lizards
  3 gnoll zombies (Ossuary)
  7 hobgoblin zombies (Ossuary)
  14 kobolds
  8 kobold zombies (Ossuary)
  2 leopard gecko skeletons
  7 orc zombies (Ossuary)
  A quokka skeleton (D:7)
  11 rats
440 creatures vanquished.

Vanquished Creatures (others)
  3 centaurs
  2 white imps (IceCv)
  4 ufetubi (IceCv)
9 creatures vanquished.

Grand Total: 449 creatures vanquished

Notes
Turn   | Place    | Note
-------+----------+-------------------------------------------
     0 | D:1      | homeworkjunkie the Hill Orc Fighter began the quest for the Orb.
     0 | D:1      | Reached XP level 1. HP: 19/19 MP: 1/1
    71 | D:2      | Found an ancient bone altar of Kikubaaqudgha.
    84 | D:2      | Found a radiant altar of Vehumet.
    87 | D:2      | Found a glowing silver altar of Zin.
   186 | D:3      | Reached XP level 2. HP: 27/27 MP: 2/2
   232 | D:4      | Reached skill level 3 in Axes
   232 | D:4      | Reached XP level 3. HP: 20/33 MP: 3/3
   387 | D:4      | Reached XP level 4. HP: 25/40 MP: 4/4
   463 | D:4      | Noticed a phantom
   489 | D:4      | Killed a phantom
   489 | D:4      | Reached skill level 4 in Axes
   489 | D:4      | Reached XP level 5. HP: 35/47 MP: 5/5
   490 | D:4      | Found a sparkling altar of Nemelex Xobeh.
   495 | D:4      | Noticed Ijyb
   502 | D:4      | Reached XP level 6. HP: 33/53 MP: 6/6
   512 | D:4      | Killed Ijyb
   756 | D:4      | Reached skill level 5 in Armour
   762 | D:4      | Found a glowing drain.
   766 | Sewer    | Entered a sewer
  1067 | Sewer    | Reached skill level 5 in Axes
  1229 | Sewer    | Reached skill level 1 in Evocations
  1229 | Sewer    | Reached XP level 7. HP: 56/60 MP: 7/7
  1268 | Sewer    | Reached skill level 5 in Shields
  1275 | Sewer    | Reached skill level 6 in Axes
  1413 | Sewer    | Reached skill level 5 in Fighting
  1413 | Sewer    | Reached skill level 1 in Dodging
  1733 | D:3      | Found a sacrificial altar of Ru.
  1808 | D:3      | Found a hide-covered altar of Uskayaw.
  1808 | D:3      | Found a bloodstained altar of Trog.
  1953 | D:3      | Reached XP level 8. HP: 68/68 MP: 9/9
  2470 | D:2      | Reached skill level 7 in Axes
  3121 | D:5      | Entered Level 5 of the Dungeon
  3551 | D:6      | Noticed Menkaure
  3556 | D:6      | Killed Menkaure
  3733 | D:5      | Noticed Eustachio
  3753 | D:5      | Killed Eustachio
  3753 | D:5      | Reached skill level 8 in Axes
  3753 | D:5      | Reached skill level 1 in Stealth
  3869 | D:5      | Found a transporter.
  3947 | D:5      | Found a transporter.
  3962 | D:5      | Identified a scroll of acquirement
  3963 | D:5      | Got a bloodstained rapier
  3964 | D:5      | Identified the +9 rapier of Lumu {freeze, Stlth+} (You acquired it on level 5 of the Dungeon)
  4166 | D:6      | Found Jauhupti's Assorted Antiques.
  4494 | D:6      | Reached skill level 9 in Axes
  4494 | D:6      | Reached XP level 9. HP: 75/75 MP: 11/11
  4550 | D:6      | Noticed Sigmund
  4565 | D:6      | Killed Sigmund
  4861 | D:5      | Noticed Prince Ribbit
  4868 | D:5      | Killed Prince Ribbit
  4868 | D:5      | Reached skill level 10 in Axes
  4880 | D:5      | Noticed Grinder
  4896 | D:5      | Paralysed by Grinder for 6 turns
  4905 | D:5      | Killed Grinder
  5281 | D:5      | Found a runed door.
  5285 | D:5      | Noticed Crazy Yiuf
  5289 | D:5      | Killed Crazy Yiuf
  5680 | D:6      | Noticed Pikel
  5702 | D:6      | Killed Pikel
  5702 | D:6      | Reached skill level 11 in Axes
  5834 | D:6      | Reached XP level 10. HP: 79/84 MP: 13/13
  6035 | D:6      | Found a staircase to the Ecumenical Temple.
  6406 | D:8      | Reached skill level 12 in Axes
  6413 | D:8      | Found a sand-covered staircase.
  6422 | Ossuary  | Entered an ossuary
  6656 | Ossuary  | Got a jewelled dagger
  6664 | Ossuary  | Identified the +6 dagger of Fixation {venom, Str-2 Dex+3} (You found it in an ossuary)
  6846 | D:8      | Noticed a three-headed hydra
  6959 | D:7      | Noticed a two-headed ogre
  6965 | D:7      | Killed a two-headed ogre
  7140 | D:7      | Reached skill level 5 in Evocations
  7467 | D:8      | Reached skill level 13 in Axes
  7626 | D:8      | Reached XP level 11. HP: 71/93 MP: 14/14
  7863 | D:8      | Noticed a two-headed ogre
  7871 | D:8      | Killed a two-headed ogre
  7896 | D:8      | Found a burning altar of Makhleb.
  7897 | D:8      | Found a shimmering altar of Xom.
  8005 | D:8      | Killed an 11-headed hydra
  8133 | D:10     | Entered Level 10 of the Dungeon
  8133 | D:10     | Found a staircase to the Lair.
  8133 | D:10     | Noticed a death yak
  8429 | Temple   | Entered the Ecumenical Temple
  8432 | Temple   | Became a worshipper of Warmaster Okawaru
  8645 | D:9      | Found a blossoming altar of Fedhas.
  8697 | D:9      | Reached skill level 14 in Axes
  8819 | D:9      | Noticed a two-headed ogre
  8833 | D:9      | Killed a two-headed ogre
  8851 | D:9      | Reached * piety under Okawaru
  8862 | D:9      | Found a sparkling altar of Nemelex Xobeh.
  9148 | D:9      | Noticed Erolcha
  9156 | D:9      | Killed Erolcha
  9274 | D:10     | Noticed a two-headed ogre
  9288 | D:10     | Killed a two-headed ogre
  9288 | D:10     | Reached ** piety under Okawaru
  9529 | D:10     | Killed a death yak
  9529 | D:10     | Reached XP level 12. HP: 87/104 MP: 16/16
  9817 | D:10     | Noticed Grum
  9838 | D:10     | Killed Grum
 10009 | D:10     | Reached skill level 15 in Axes
 10311 | D:10     | Noticed a two-headed ogre
 10325 | D:10     | Killed a two-headed ogre
 10325 | D:10     | Reached *** piety under Okawaru
 10728 | D:11     | Noticed Josephine
 10747 | D:11     | Killed Josephine
 10747 | D:11     | Received a gift from Okawaru
 10823 | D:11     | Reached **** piety under Okawaru
 10943 | D:11     | Noticed a five-headed hydra
 10957 | D:11     | Killed a 13-headed hydra
 10957 | D:11     | Reached skill level 10 in Shields
 11058 | D:11     | Noticed a two-headed ogre
 11067 | D:11     | Killed a two-headed ogre
 11086 | D:11     | Reached ***** piety under Okawaru
 11168 | D:11     | Reached skill level 10 in Fighting
 11363 | D:11     | Found Erry's Weapon Boutique.
 11374 | D:11     | Reached skill level 16 in Axes
 11384 | D:11     | Reached XP level 13. HP: 102/113 MP: 18/18
 11388 | D:11     | Bought a +2 battleaxe of flaming for 260 gold pieces
 11496 | Lair:1   | Entered Level 1 of the Lair of Beasts
 11518 | Lair:2   | Received a gift from Okawaru
 11576 | Lair:2   | Found a frozen archway.
 11585 | IceCv    | Entered an ice cave
 12027 | IceCv    | Slain by an ice devil

Skill      XL: |  1  2  3  4  5  6  7  8  9 10 11 12 13 |
---------------+----------------------------------------+-----
Fighting       | 4 5 6 7 9 10 | 10.6
Axes           | 3 4 5 6 9 11 13 14 16 | 16.6
Armour         | 4 5 6 7 8 9 |  9.4
Shields        | 4 5 6 8 9 10 | 10.6
Evocations     | 1 2 3 4 5 6 7 |  7.1
Dodging        | 1 2 |  2.3
Stealth        | 1 2 3 4 |  4.8
Throwing       | |  0.5

Action                   |  1- 3 |  4- 6 |  7- 9 | 10-12 | 13-15 || total
-------------------------+-------+-------+-------+-------+-------++-------
Melee: War axe           |    49 |   115 |   457 |   706 |       ||  1327
       Battleaxe         |       |       |       |       |    60 ||    60
Throw: Tomahawk          |       |       |     3 |     6 |       ||     9
Evoke: Wand              |       |       |    13 |    25 |     3 ||    41
  Use: Potion            |     1 |       |     2 |       |     5 ||     8
       Scroll            |     1 |     4 |    12 |    14 |     1 ||    32
 Stab: Paralysed         |       |       |    21 |    41 |     2 ||    64
  Eat: Meat ration       |       |     1 |       |       |       ||     1
       Royal jelly       |       |       |     5 |     8 |       ||    13
       Bread ration      |       |       |     1 |       |       ||     1
       Fruit             |       |       |       |     7 |       ||     7
Armor: Scale mail        |    26 |    39 |   125 |   107 |       ||   297
       Plate armour      |       |       |       |    71 |    55 ||   126
Dodge: Dodged            |    21 |    45 |   175 |   170 |    34 ||   445
Block: Shield            |    28 |    59 |   239 |   416 |       ||   742
       Reflection        |       |       |       |    32 |       ||    32
       Other             |       |       |       |       |    13 ||    13
